 Dungeon Crawl Stone Soup version 0.30.1-3-gfc49f6343a (webtiles) character file.

Game seed: 5827158467249730996

520 booth the Ducker (level 7, 0/53 HPs)
             Began as a Demonspawn Gladiator on Aug 3, 2023.
             Was an Initiate of Yredelemnul.
             Slain by a yak (6 damage)
             ... on level 4 of the Dungeon.
             The game lasted 00:21:00 (4036 turns).

booth the Ducker (Demonspawn Gladiator)             Turns: 4036, Time: 00:21:00

Health: 0/53       AC:  9    Str: 15    XL:     7   Next: 1%
Magic:  9/9        EV: 18    Int: 15    God:    Yredelemnul [......]
Gold:   197        SH:  0    Dex: 18    Spells: 9/9 levels left

rFire   . . .        a - +0 war axe
rCold   . . .        (no shield)
rNeg    . . .        b - +0 leather armour
rPois   .            c - +0 helmet
rElec   .            w - +0 cloak
rCorr   .            z - +1 pair of gloves
SInv    .            (no boots)
Will    .....        n - amulet of faith
Stlth   +            i - +6 ring of intelligence
HPRegen 0.28/turn    p - +5 ring of evasion
MPRegen 0.11/turn

%: clarity, faith
@: no status effects
A: hooves 2, slimy green scales 1, foul stench 2, agile 1, clarity
a: Renounce Religion, Recall Undead Harvest


You were on level 4 of the Dungeon.
You worshipped Yredelemnul.
Yredelemnul was noncommittal.
You visited 1 branch of the dungeon, and saw 5 of its levels.

You collected 197 gold pieces.

Inventory:

Hand Weapons
 a - a +0 war axe (weapon)
 h - a +1 dagger of draining
 u - a +1 flail of protection
 v - a +4 quarterstaff of chaos
Missiles
 d - 3 throwing nets (quivered)
 e - 5 javelins
Armour
 b - a +0 leather armour (worn)
 c - a +0 helmet (worn)
 r - a +0 buckler
 w - a +0 cloak (worn)
 z - a +1 pair of gloves (worn)
Jewellery
 i - a +6 ring of intelligence (left hand)
 n - an amulet of faith (around neck)
 p - a +5 ring of evasion (right hand)
 x - a +4 ring of protection
Wands
 y - a wand of charming (5)
 A - a wand of flame (25)
Scrolls
 l - 2 scrolls of teleportation
 m - a scroll of vulnerability
 o - a scroll of enchant armour {unknown}
 q - a scroll of fear
 s - 2 scrolls of amnesia
Potions
 f - a potion of might
 g - a potion of lignification {unknown}
 j - a potion of ambrosia {unknown}
 k - a potion of resistance
 t - a potion of heal wounds


   Skills:
 + Level 3.7 Fighting
 + Level 4.0 Axes
 + Level 3.3 Throwing
 + Level 4.1 Dodging
 + Level 1.8 Spellcasting
 + Level 2.2 Necromancy


You had 9 spell levels left.
You didn't know any spells.
Your spell library contained the following spells:

 Spells                   Type           Power      Damage    Failure   Level
 Poisonous Vapours        Pois/Air       2%         N/A       38%         2
 Inner Flame              Hex/Fire       1%         N/A       63%         3
 Mephitic Cloud           Conj/Pois/Air  1%         N/A       63%         3
 Freezing Cloud           Conj/Ice/Air   0%         6-21      100%        5
 Yara's Violent Unravell  Hex/Tmut       0%         3d3       100%        5
 Enfeeble                 Hex            0%         N/A       100%        7


Dungeon Overview and Level Annotations

Branches:
Dungeon (5/15)
 Temple: D:4-7

Altars:
Gozag
Yredelemnul

Shops:
D:1 (


Innate Abilities, Weirdness & Mutations

You have hoof-like feet.
You are partially covered in slimy green scales. (AC +2)
You sometimes emit foul miasma when damaged in melee.
You are agile. (Dex +4, Str/Int -1)
You possess an exceptional clarity of mind.


Message History

The hound barely misses you.
There is a stone staircase leading up here.
The yak gores you but does no damage. The hound closely misses you.
You climb upwards.
There is a stone staircase leading down here.
You hit the yak. You kick the yak, but do no damage.
The yak is lightly wounded.
You miss the hound. The hound misses you. The yak closely misses you.
The hound barely misses you. The yak closely misses you.
You hit the yak. Your kick misses the yak.
The yak is moderately wounded.
You miss the hound.
The hound misses you. x2; The yak gores you.
You hit the yak. You kick the yak.
The yak is moderately wounded.
You closely miss the hound. The hound barely misses you. The yak gores you.
The hound misses you.
You hit the yak.
The yak is heavily wounded.
You closely miss the hound. The hound closely misses you. The yak gores you!
The hound bites you but does no damage. The yak gores you!
* * * LOW HITPOINT WARNING * * *
You slash the yak!
The yak is severely wounded.
You closely miss the hound. The hound completely misses you. x2
The yak barely misses you.
You hit the yak. You kick the yak.
The yak is almost dead.
You hit the hound but do no damage. The hound closely misses you.
The yak closely misses you. The hound bites you.
* * * LOW HITPOINT WARNING * * *
You emit a cloud of foul miasma!
You hit the yak. Your kick misses the yak.
The yak is almost dead.
You miss the hound.
The hound is engulfed in dark miasma.
The hound is poisoned.
The hound closely misses you. The yak closely misses you.
The hound is engulfed in dark miasma.
The hound looks even sicker.
The hound bites you but does no damage. The yak gores you.
You die...
Your body rises from the dead as a mindless zombie.

### ### #.# ####.###### #.#
###.........## ####
#.####....>.......# ...####
#.#....#Y......<..#
......###....###@h........#
........#..### ############
..........## .........##
........## #.......#
###.....# ........##
..#####..#


You could see a yak and a hound (very poisoned).

Vanquished Creatures
  An ice beast (D:5)
  3 hounds
  Crazy Yiuf (D:3)
  An orc priest (D:5)
  Natasha (D:2)
  2 orc wizards (D:3)
  Robin (D:2)
  3 gnolls (D:4)
  6 adders
  2 dart slugs (D:1)
  7 orcs
  7 ball pythons
  2 bats
  6 endoplasms
  4 giant cockroaches
  11 goblins
  5 hobgoblins
  14 jackals
  A quokka (D:4)
  5 frilled lizards
  7 kobolds
  6 rats
96 creatures vanquished.

Vanquished Creatures (collateral kills)
  An orc (D:3)
  2 hobgoblins
  A kobold (D:2)
  4 rats
8 creatures vanquished.

Vanquished Creatures (others)
  2 adder zombies
  6 orc zombies
  A bat zombie (D:2)
  2 ball python zombies
  An endoplasm zombie (D:3)
  A frilled lizard zombie (D:3)
  A giant cockroach zombie (D:2)
  3 hobgoblin zombies
  2 jackal zombies (D:3)
  A kobold zombie (D:2)
  A rat zombie (D:2)
21 creatures vanquished.

Grand Total: 125 creatures vanquished

Notes
Turn   | Place    | Note
-------+----------+-------------------------------------------
     0 | D:1      | booth the Demonspawn Gladiator began the quest for the Orb.
     0 | D:1      | Reached XP level 1. HP: 16/16 MP: 1/1
    53 | D:1      | Gained mutation: You have large cloven feet. [demonic
                  | ancestry]
    53 | D:1      | Reached XP level 2. HP: 11/21 MP: 2/2
   331 | D:1      | Found Ublireg's Antique Weapon Shoppe.
   461 | D:1      | Gained mutation: You are partially covered in slimy green
                  | scales. (AC +2) [demonic ancestry]
   461 | D:1      | Reached XP level 3. HP: 28/28 MP: 3/3
  1005 | D:2      | Noticed Robin
  1009 | D:2      | Gained mutation: You have hoof-like feet. [demonic
                  | ancestry]
  1009 | D:2      | Reached XP level 4. HP: 33/34 MP: 4/4
  1012 | D:2      | Killed Robin
  1182 | D:2      | Found a faded altar of an unknown god.
  1188 | D:2      | Prayed at the altar of an unknown god.
  1188 | D:2      | Became a worshipper of Yredelemnul the Dark
  1188 | D:2      | Reached * piety under Yredelemnul
  1474 | D:2      | Noticed Natasha
  1507 | D:2      | Killed Natasha
  1557 | D:2      | Gained mutation: You are agile. (Dex +4, Str/Int -1)
                  | [potion of mutation]
  1557 | D:2      | Gained mutation: You possess an exceptional clarity of
                  | mind. [potion of mutation]
  1969 | D:3      | Gained mutation: You may rarely emit foul miasma when
                  | damaged in melee. [demonic ancestry]
  1969 | D:3      | Reached XP level 5. HP: 41/41 MP: 5/5
  2259 | D:3      | Reached skill level 1 in Necromancy
  2512 | D:3      | Reached skill level 1 in Spellcasting
  2702 | D:3      | Found a runed translucent door.
  2703 | D:3      | Noticed Crazy Yiuf
  2709 | D:3      | Killed Crazy Yiuf
  2963 | D:4      | Reached XP level 6. HP: 46/47 MP: 7/7
  3678 | D:4      | Found an opulent altar of Gozag.
  3766 | D:5      | Entered Level 5 of the Dungeon
  4003 | D:5      | Noticed an ice beast
  4006 | D:5      | Noticed a yak
  4006 | D:5      | Noticed a yak
  4007 | D:5      | Noticed a yak
  4007 | D:5      | Noticed a yak
  4013 | D:5      | Noticed a yak
  4013 | D:5      | Killed an ice beast
  4014 | D:5      | Gained mutation: You sometimes emit foul miasma when
                  | damaged in melee. [demonic ancestry]
  4014 | D:5      | Reached XP level 7. HP: 29/53 MP: 9/9
  4036 | D:4      | Slain by a yak

Illustrated notes

Levels and vault maps discovered:
D:1:      minmay_arrival_five_plusses, layout_loops_ring, serial_shops,
          nicolae_shop_tiny_statue_garden, st_stairs_5
D:2:      layout_basic, ebering_ecumenical_altar_box, uniq_natasha, uniq_robin
D:3:      layout_basic, uniq_crazy_yiuf_cottage
D:4:      layout_cave_pods, mainiacjoe_overflow_24_doors
D:5:      layout_cave_pools, minmay_misc_feat_roman

Skill      XL: |  1  2  3  4  5  6 |
---------------+-------------------+-----
Throwing       | 2 3 |  3.3
Dodging        | 3 4 |  4.1
Axes           | 3 4 |  4.0
Fighting       | 3 |  3.7
Necromancy     | 1 2 |  2.2
Spellcasting   | 1 |  1.8

Action                     |  1- 3 |  4- 6 |  7- 9 || total
---------------------------+-------+-------+-------++-------
  Melee: War axe           |    95 |   116 |     7 ||   218
         Kick              |    17 |    35 |     3 ||    55
         Punch             |     1 |     1 |       ||     2
  Throw: Javelin           |       |     3 |       ||     3
         Throwing net      |       |     2 |       ||     2
 Invoke: Recall Undead Har |       |     2 |       ||     2
    Use: Scroll            |     2 |     5 |       ||     7
         Potion            |     1 |     3 |       ||     4
   Stab: Sleeping          |     1 |       |       ||     1
 Armour: Leather armour    |    38 |    41 |     4 ||    83
  Dodge: Dodged            |    81 |   132 |    27 ||   240
